AoeStats
← Ballentyne

Black Forest

508293049Analyzed
4v4 RM · 10d ago on Sep 21, 2026· 54m 32s· 8 players
Game mode
Random Map
Map size
Large (8 player)
Population
200
Speed
Normal
Resources
Standard
Victory
Conquest
Starting age
Dark Age
Ending age
Imperial Age
RankedLock teamsTeams togetherTeam positionsShared explorationLock speedFull tech treeHidden civsTurbo modeCheats
Victory
Defeat
🇩🇪 Burmese · Germany
1087
+14
🇮🇹 Persians · Italy
1081
+15
🇸🇪 Byzantines · Sweden
1028
+17
🇪🇸 Spanish · Spain
992
+19
🇲🇽 Mongols · Mexico
1090
-18
🇸🇪 Persians · Sweden
1048
-16
🇺🇸 Hindustanis · United States
1043
-16
🇨🇦 Burgundians · Canada
1016
-15
PATRIOTSFAN323
0:28 Loom
14:28 Feudal Age
20:09 Castle Age
22:01 Wheelbarrow
21:40 Double-Bit Axe
22:07 Horse Collar
24:37 Fervor
25:08 Bow Saw
25:42 Gold Mining
25:42 Stone Mining
27:28 Gold Shaft Mining
27:29 Stone Shaft Mining
28:50 Grand Trunk Road
29:30 Heavy Plow
34:03 Imperial Age
34:43 Fortified Wall
35:44 Chemistry
35:49 Two-Man Saw
36:12 Caravan
37:07 Padded Archer Armor
36:58 Fletching
37:19 Forging
37:10 Scale Mail Armor
38:28 Ballistics
38:39 Leather Archer Armor
Ballentyne
0:36 Loom
10:28 Horse Collar
11:52 Wheelbarrow
17:27 Feudal Age
16:19 Double-Bit Axe
16:27 Gold Mining
16:28 Stone Mining
19:00 Heavy Plow
19:12 Bow Saw
19:42 Stone Shaft Mining
19:44 Gold Shaft Mining
20:07 Gold Shaft Mining
24:52 Castle Age
23:48 Hand Cart
24:17 Forging
24:12 Scale Barding Armor
27:01 Crop Rotation
27:33 Two-Man Saw
26:50 Caravan
27:21 Coinage
33:14 Imperial Age
31:14 Burgundian Vineyards
32:14 Pikeman
32:57 Squires
32:42 Arson
35:04 Banking
35:01 Conscription
34:14 Capped Ram
36:03 Town Watch
37:07 Iron Casting
36:52 Chain Barding Armor
36:32 Scale Mail Armor
36:24 Fletching
37:36 Treadmill Crane
38:13 Fortified Wall
37:59 Murder Holes
37:31 Elite Coustillier
42:48 Blast Furnace
42:07 Chain Mail Armor
43:02 Ballistics
43:42 Chemistry
42:46 Town Patrol
46:48 Guilds
Gautier Sans-Avoir
0:28 Loom
13:14 Feudal Age
13:49 Double-Bit Axe
14:26 Stone Mining
14:19 Horse Collar
14:33 Gold Mining
21:49 Castle Age
21:16 Fletching
22:15 Heavy Plow
23:29 Bodkin Arrow
24:26 Bow Saw
28:21 Wheelbarrow
31:02 Gold Shaft Mining
31:04 Stone Shaft Mining
31:11 Stone Shaft Mining
31:27 Town Watch
31:58 Hand Cart
36:05 Imperial Age
33:37 Town Patrol
35:21 Devotion
35:17 Herbal Medicine
35:21 Bodkin Arrow
35:27 Padded Archer Armor
37:01 Leather Archer Armor
36:48 Kamandaran
37:10 Conscription
37:27 Crop Rotation
38:07 Two-Man Saw
37:24 Scale Barding Armor
38:29 Chemistry
37:50 Ballistics
37:01 Crossbowman
38:14 Thumb Ring
38:29 Guilds
39:20 Husbandry
39:31 Bloodlines
38:41 Light Cavalry
39:53 Ring Archer Armor
39:44 Chain Barding Armor
40:56 Masonry
40:43 Murder Holes
41:01 Citadels
41:35 Hoardings
42:02 Elite Skirmisher
44:07 Faith
44:26 Plate Barding Armor
44:02 Forging
43:33 Elite War Elephant
47:48 Architecture
49:15 Iron Casting
50:58 Blast Furnace
MiloJ
1:25 Loom
14:58 Feudal Age
20:24 Castle Age
22:21 Wheelbarrow
22:01 Double-Bit Axe
21:58 Horse Collar
25:56 Stone Mining
28:39 Stone Shaft Mining
29:35 Hand Cart
30:29 Gold Mining
36:39 Imperial Age
35:01 Caravan
36:16 Town Watch
36:49 Bow Saw
37:19 Gold Shaft Mining
37:54 Drill
38:16 Conscription
38:09 Heavy Scorpion
39:34 Fletching
39:45 Padded Archer Armor
39:49 Nomads
Tekz4987
1:05 Loom
16:20 Feudal Age
19:49 Castle Age
22:12 Wheelbarrow
27:33 Hand Cart
27:05 Horse Collar
27:38 Gold Mining
28:25 Stone Mining
28:39 Heavy Plow
29:07 Town Watch
29:59 Gold Shaft Mining
35:05 Imperial Age
35:18 Onager
36:57 Crop Rotation
36:32 Husbandry
36:42 Bloodlines
35:53 Elite Battle Elephant
38:38 Scale Barding Armor
38:44 Forging
38:41 Howdah
39:04 Conscription
39:46 Chain Barding Armor
44:41 Plate Barding Armor
44:54 Iron Casting
Master of Ludus
0:27 Loom
15:04 Feudal Age
17:02 Horse Collar
21:44 Castle Age
19:35 Double-Bit Axe
19:45 Stone Mining
21:09 Wheelbarrow
24:49 Hand Cart
24:19 Town Watch
27:16 Gold Mining
29:20 Heavy Plow
30:49 Town Patrol
33:42 Imperial Age
33:36 Fortified Wall
33:24 Fletching
33:36 Padded Archer Armor
34:59 Conscription
34:50 Town Patrol
34:50 Bodkin Arrow
35:10 Leather Archer Armor
34:57 Scale Mail Armor
35:07 Forging
36:03 Chemistry
35:24 Ballistics
35:19 Masonry
36:12 Bracer
35:37 Elite Skirmisher
37:58 Pikeman
38:24 Gambesons
38:39 Squires
38:25 Arson
44:33 Ring Archer Armor
44:14 Forging
44:05 Scale Mail Armor
44:43 Hoardings
44:11 Inquisition
44:54 Halberdier
47:17 Architecture
47:26 Iron Casting
47:06 Chain Mail Armor
49:14 Blast Furnace
51:04 Bow Saw
OjCastald
0:45 Loom
13:46 Feudal Age
14:26 Double-Bit Axe
18:22 Castle Age
17:15 Stone Mining
17:23 Horse Collar
20:10 Wheelbarrow
21:59 Bow Saw
22:59 Gold Mining
26:17 Hand Cart
29:12 Gold Shaft Mining
32:08 Imperial Age
30:02 Murder Holes
30:19 Heavy Plow
30:11 Town Watch
31:04 Forging
31:01 Scale Barding Armor
32:17 Husbandry
32:28 Bloodlines
33:24 Chemistry
33:25 Crop Rotation
33:33 Conscription
33:36 Caravan
34:42 Two-Man Saw
34:52 Stone Shaft Mining
34:41 Elite War Elephant
36:31 Masonry
36:24 Town Patrol
37:20 Kamandaran
38:16 Iron Casting
38:01 Chain Barding Armor
37:54 Crossbowman
38:39 Thumb Ring
40:29 Blast Furnace
39:40 Devotion
41:39 Citadels
42:44 Plate Barding Armor
42:00 Fletching
44:07 Faith
43:49 Scale Mail Armor
43:50 Padded Archer Armor
47:42 Chain Mail Armor
49:15 Hoardings
49:12 Plate Mail Armor
48:37 Bodkin Arrow
48:58 Leather Archer Armor
49:20 Architecture
49:11 Ballistics
49:03 Guilds
49:24 Coinage
48:31 Sappers
48:23 Pikeman
48:49 Gambesons
49:04 Squires
48:49 Arson
49:25 Block Printing
49:21 Fervor
52:33 Theocracy
51:54 Herbal Medicine
53:06 Ring Archer Armor
52:46 Halberdier
52:46 Man-at-Arms
52:50 Heavy Camel Rider
52:50 Cavalier
52:51 Light Cavalry
52:54 Heavy Scorpion
52:55 Capped Ram
Goatbutt
10:26 Feudal Age
15:08 Castle Age
13:41 Double-Bit Axe
14:06 Horse Collar
17:14 Bow Saw
17:23 Heavy Plow
17:48 Loom
23:53 Wheelbarrow
30:30 Imperial Age
28:18 Hand Cart
28:14 Scale Mail Armor
28:21 Scale Barding Armor
28:20 Scale Mail Armor
28:07 Treadmill Crane
29:42 Scale Barding Armor
29:47 Forging
29:53 Chain Mail Armor
30:15 Caravan
30:57 Chain Barding Armor
30:15 Pikeman
32:15 Chemistry
31:28 Fortified Wall
31:15 Murder Holes
32:54 Two-Man Saw
32:18 Conscription
33:14 Crop Rotation
32:24 Elite Skirmisher
33:45 Plate Barding Armor
33:46 Iron Casting
33:25 Padded Archer Armor
33:15 Fletching
34:00 Plate Mail Armor
33:46 Thumb Ring
34:13 Halberdier
34:54 Squires
34:40 Arson
35:26 Fervor
35:34 Block Printing
35:47 Illumination
36:03 Theocracy
35:51 Sanctity
36:22 Gold Mining
36:49 Leather Archer Armor
36:29 Bodkin Arrow
37:00 Bombard Tower
37:41 Gold Shaft Mining
38:06 Ring Archer Armor
37:36 Bracer
42:09 Ballistics
44:55 Light Cavalry
45:05 Heavy Camel Rider
Connection lost

Rejoining the realm…

Still unreachable

The connection could not be restored.

Session expired

The server has moved on; the page needs a fresh start.